 Dungeon Crawl Stone Soup version 0.20.1-1-g8b1a95d66d (webtiles) character file.

25 NullDivider the Charlatan (level 3, -1/23 HPs)
             Began as an Octopode Artificer on Dec 11, 2017.
             Slain by a hobgoblin
             ... wielding a +0 club
             ... led by Robin
              (5 damage)
             ... on level 1 of the Dungeon.
             The game lasted 00:02:08 (1045 turns).

NullDivider the Charlatan (Octopode Artificer)      Turns: 1045, Time: 00:02:10

Health: -1/23      AC:  1    Str: 11    XL:     3   Next: 4%
Magic:  5/5        EV: 13    Int: 13    God:
Gold:   37         SH:  0    Dex: 13    Spells: 2/2 levels left

rFire    . . .     SeeInvis .   a - +0 short sword
rCold    . . .     Gourm    .   (no shield)
rNeg     . . .     Faith    .   (helmet restricted)
rPois    .         Spirit   .   (no amulet)
rElec    .         Reflect  .   (no ring)
rCorr    .         Harm     .   (no ring)
MR       .....                  (no ring)
Stlth    +++.......             (no ring)
Regen    0.1/turn               (no ring)
MPRegen  0.1/turn               (no ring)
                                (no ring)
                                (no ring)

@: no status effects
A: almost no armour, stealthy swim, amphibious, 8 rings, constrict 8, camouflage
1, gelatinous body 1
a: no special abilities


You were on level 1 of the Dungeon.
You were not hungry.

You visited 1 branch of the dungeon, and saw 2 of its levels.

You collected 37 gold pieces.

Inventory:

Hand Weapons
 a - a +0 short sword (weapon)
Wands
 b - a wand of flame (14/48)
 c - a wand of enslavement (15/24)
 d - a wand of random effects (15/48)
Scrolls
 k - a scroll of identify {unknown}
Potions
 e - a potion of magic {unknown}
 h - 2 potions of heal wounds {unknown}
Comestibles
 f - 2 bread rations
 g - 5 fruits
 i - a chunk of flesh
 j - a royal jelly
 l - a meat ration


   Skills:
 + Level 1.2 Fighting
 + Level 1.4 Short Blades
 + Level 2.2 Dodging
 * Level 2.7 Stealth
 + Level 3.5 Evocations


You had 2 spell levels left.
You didn't know any spells.

Dungeon Overview and Level Annotations

Branches:
Dungeon (2/15)

Altars:

Annotations:
D:2 Robin


Innate Abilities, Weirdness & Mutations

You cannot wear most types of armour.
You are very stealthy in the water. (Stealth+)
You are amphibious.
You can wear up to eight rings at the same time.
You can use your tentacles to constrict eight enemies at once.
Your skin changes colour to match your surroundings (Stealth+).
Your rubbery body absorbs attacks. (AC +1, EV +1)


Message History

The goblin hits you with a dagger.
You climb upwards.
There is a stone staircase leading down here.
You barely miss the goblin. You grab the goblin.
The goblin is severely wounded.
You constrict the goblin, but do no damage.
The goblin hits you.
* * * LOW HITPOINT WARNING * * *
The goblin misses you. The goblin hits you but does no damage.
The hobgoblin closely misses you.
You hit the goblin.
You kill the goblin!
You have reached level 3!
Your experience leads to an increase in your attributes!
Increase (S)trength, (I)ntelligence, or (D)exterity?
You feel agile.
You constrict the goblin.
You kill the goblin!
The goblin closely misses you. The hobgoblin hits you with a club.
You die...

#..............................
#.##################......#####
#.# #.....'......'.... #.#
#.#####......##### #.# #.#
##...### #.####### #.######...#
#.......# #.##.......#
#######.# #g##.##....#######
#.# #@................ #.#
#)g............... #.#
####.#..######.### #.# #.#..#
#.# #.#########.#..# #.#
#........##.#########.#
########.##........##'###
#.#########.#.....
#####'#.........#.....


You could see a hobgoblin and a goblin.

Vanquished Creatures
  2 dart slugs (D:1)
  5 giant cockroaches (D:1)
  4 goblins
  A hobgoblin (D:2)
  3 bats (D:1)
  3 kobolds (D:1)
  A rat (D:1)
19 creatures vanquished.

Notes
Turn   | Place    | Note
-------+----------+-------------------------------------------
     0 | D:1      | NullDivider the Octopode Artificer began the quest for the Orb.
     0 | D:1      | Reached XP level 1. HP: 13/13 MP: 3/3
   426 | D:1      | Reached XP level 2. HP: 18/18 MP: 4/4
  1030 | D:2      | Noticed Robin
  1045 | D:1      | Reached XP level 3. HP: 4/23 MP: 5/5
  1045 | D:1      | Slain by a hobgoblin

Skill      XL: |  1 |
---------------+----+-----
Stealth        | 2 |  2.7
Fighting       | |  1.2
Short Blades   | |  1.4
Dodging        | |  2.2
Evocations     | |  3.5

Action                   || total
-------------------------++-------
Melee: Short sword       ||    40
       Constrict         ||    14
       Tentacles         ||     7
Evoke: Wand              ||     1
 Stab: Sleeping          ||     6
Armor: Skin              ||     8
Dodge: Dodged            ||    29
